 Dungeon Crawl Stone Soup version 0.27-a0-263-gc8dee61f84 (webtiles) character file.

Game seed: 10261871595144453580

190 siradein the Changer (level 5, -3/37 HPs)
             Began as a Merfolk Transmuter on Feb 4, 2021.
             Slain by an iguana (10 damage)
             ... on level 4 of the Dungeon.
             The game lasted 00:21:43 (5697 turns).

siradein the Changer (Merfolk Transmuter)           Turns: 5697, Time: 00:21:43

Health: -3/37      AC:  3    Str:  9 (11) XL:     5   Next: 69%
Magic:  7/8        EV: 13    Int: 11 (13) God:
Gold:   133        SH:  0    Dex: 25 (26) Spells: 2/8 levels left

rFire    . . .     SeeInvis .     - Unarmed
rCold    . . .     Faith    .   (no shield)
rNeg     . . .     Spirit   .   l - +0 leather armour
rPois    .         Reflect  .   (helmet currently unavailable)
rElec    .         Harm     .   (no cloak)
rCorr    .         Rampage  .   (no gloves)
Will     .....                  (boots currently unavailable)
Stlth    ++........             k - amulet of the acrobat
HPRegen  0.12/turn              o - +6 ring of dexterity
MPRegen  0.11/turn              r - +6 ring of dexterity

@: appendages (expiring)
A: change form in water, swift swim, stealthy swim, horns 2
a: End Transformation


You were on level 4 of the Dungeon.
You had grown temporary horns.
You visited 1 branch of the dungeon, and saw 4 of its levels.

You collected 133 gold pieces.

Inventory:

Armour
 l - a +0 leather armour (worn)
Jewellery
 k - an amulet of the acrobat (around neck)
 o - a +6 ring of dexterity (left hand)
 r - a +6 ring of dexterity (right hand)
Scrolls
 b - 3 scrolls of immolation {unknown}
 c - 2 scrolls of teleportation {unknown}
 i - 5 scrolls of identify {unknown}
 j - 6 scrolls of remove curse {unknown}
 q - a scroll of fog {unknown}
Potions
 a - a potion of flight {unknown}
 d - a potion of attraction {unknown}
 e - 2 potions of invisibility {unknown}
 f - 2 potions of haste {unknown}
 g - 2 potions of curing {unknown}
 h - 3 potions of degeneration
 m - a potion of cancellation {unknown}
 n - a potion of resistance {unknown}
 p - a potion of lignification {unknown}


   Skills:
 - Level 1.1 Fighting
 - Level 2.6 Dodging
 + Level 5.3 Unarmed Combat
 - Level 2.0 Spellcasting
 + Level 5.6 Transmutations


You had 2 spell levels left.
You knew the following spells:

 Your Spells              Type           Power        Failure   Level
a - Beastly Appendage     Tmut           26%          4%          1
b - Wereblood             Tmut           13%          6%          2
c - Spider Form           Tmut/Pois      3%           36%         3

Your spell library contained the following spells:

 Spells                   Type           Power        Failure   Level
 Blade Hands              Tmut           6%           73%         5
 Ice Form                 Ice/Tmut       7%           77%         4


Dungeon Overview and Level Annotations

Branches:
Dungeon (4/15)
 Temple: D:4-7

Altars:
Fedhas
Gozag


Innate Abilities, Weirdness & Mutations

You revert to your normal form in water.
You are very nimble and swift while swimming.
You are very stealthy in the water. (Stealth+)
You have a pair of horns on your head.


Message History

There is a stone staircase leading up here.
Casting: Beastly Appendage (safe; 4% risk of failure)
Confirm with . or Enter, or press ? or * to list all spells.
You grow a pair of large bovine horns.
The worker ant bites you.
You barely miss the worker ant. The worker ant misses you.
You completely miss the worker ant. Your headbutt misses the worker ant.
The worker ant barely misses you.
You hit the worker ant.
The worker ant is moderately wounded.
Your transformation is almost over.
The iguana bites you! The worker ant bites you.
You hit the worker ant but do no damage.
The worker ant is moderately wounded.
The iguana bites you!
* * * LOW HITPOINT WARNING * * *
The worker ant closely misses you.
You closely miss the worker ant. Your headbutt misses the worker ant.
The worker ant is moderately wounded.
The iguana bites you!
You die...

###.# ..#.###
####.#...
..#.#..#
#......#
#......####
#..l.......
#..@.....)=
......B..#.....
######...# #..
....# #....#
#.#.## #.#.#
..#.#


You could see an iguana and a worker ant.

Vanquished Creatures
  A hound (D:3)
  Terence (D:1)
  3 gnolls (D:2)
  4 adders
  2 worms
  A dart slug (D:2)
  3 leopard geckos
  2 giant cockroaches (D:3)
  10 goblins
  8 hobgoblins
  2 quokkas
  2 ball pythons
  3 bats (D:1)
  3 frilled lizards
  10 kobolds
  10 rats
65 creatures vanquished.

Vanquished Creatures (others)
  A fungus (D:1)
  A plant (D:1)
2 creatures vanquished.

Grand Total: 67 creatures vanquished

Notes
Turn   | Place    | Note
-------+----------+-------------------------------------------
     0 | D:1      | siradein the Merfolk Transmuter began the quest for the
                  | Orb.
     0 | D:1      | Reached XP level 1. HP: 15/15 MP: 3/3
   352 | D:1      | Reached XP level 2. HP: 11/21 MP: 3/5
   360 | D:1      | Learned a level 2 spell: Wereblood
  1391 | D:2      | Reached XP level 3. HP: 17/26 MP: 2/6
  1721 | D:2      | Found a blossoming altar of Fedhas.
  1733 | D:2      | Noticed Terence
  2668 | D:1      | Killed Terence
  2669 | D:1      | Reached XP level 4. HP: 14/32 MP: 7/7
  3590 | D:2      | Reached skill level 5 in Transmutations
  3595 | D:2      | Reached XP level 5. HP: 17/37 MP: 5/8
  3886 | D:3      | Reached skill level 5 in Unarmed Combat
  4148 | D:3      | Learned a level 3 spell: Spider Form
  4192 | D:3      | Found an opulent altar of Gozag.
  4775 | D:3      | Noticed a sky beast
  5697 | D:4      | Slain by an iguana

Illustrated notes

Levels and vault maps discovered:
D:1:      dpeg_arrival_water_fire, layout_rooms, st_stairs_11, minivault_5,
          chequers_serial_rivers_room_b, minmay_misc_feat_room,
          minmay_misc_feat_square, minmay_vboxes
D:2:      layout_basic, lemuel_crystal_altar, uniq_terence
D:3:      layout_basic, nicolae_gozag_seed_capital
D:4:      layout_basic, nicolae_ru_great_annihilating_truth, ashenzari_altar_1,
          nicolae_overflow_hidden_temple, portal_sewer_entry_f, serial_shops,
          nicolae_shop_behind_doors, minmay_cupped, uniq_natasha, uniq_pikel,
          uniq_sigmund, uniq_robin

Skill      XL: |  1  2  3  4  5 |
---------------+----------------+-----
Transmutations | 3 4 5 |  5.6
Unarmed Combat | 4 5 |  5.3
Fighting       | |  1.1
Dodging        | |  2.6
Spellcasting   | |  2.0

Action                   |  1- 3 |  4- 6 || total
-------------------------+-------+-------++-------
Melee: Unarmed           |    85 |   159 ||   244
       Dagger            |    26 |       ||    26
       Headbutt          |     8 |    27 ||    35
       Tailslap          |     5 |     2 ||     7
       Punch             |     2 |     3 ||     5
 Cast: Beastly Appendage |    17 |    28 ||    45
       Wereblood         |     4 |     2 ||     6
  Use: Potion            |       |     1 ||     1
 Stab: Sleeping          |     1 |       ||     1
Armor: Robe              |    11 |       ||    11
       Leather armour    |       |    25 ||    25
Dodge: Dodged            |    83 |    93 ||   176

Table legend: (Time is in decaauts)
 A = Elapsed time spent in this place.
 B = Non-inter-level travel time spent in this place.
 C = Inter-level travel time spent in this place.
 D = Time resting spent in this place.
 E = Time spent auto-exploring this place.
 F = Levels seen in this place.
 G = Mean time per level.
                   A        B        C        D        E       F      G
               +--------+--------+--------+--------+--------+-----+--------+
         Total |   5640 |   5562 |     78 |    329 |   3733 |   4 | 1410.0 |
       Dungeon |   5640 |   5562 |     78 |    329 |   3733 |   4 | 1410.0 |
               +--------+--------+--------+--------+--------+-----+--------+

Top non-repeatable levels by time:
     D:1: 2160 daAuts
     D:2: 1899 daAuts
     D:3: 1574 daAuts
     D:4: 5 daAuts
